Map: Proxima Station LE

Players

Ziggy

  • Race: Terran Terran
  • Spawn Location: 1:00

Cloudy - Winner!

  • Race: Protoss Protoss
  • Spawn Location: 7:00

Event: WCS Valencia 2017

VOD

Have the link to the VOD?

Description

Time

  • Played on: July 13, 2017, 6:42 a.m.
  • Length: 15:25

All games in this series

Show
View Real Time Build Order
Export as new Build Order

Ziggy Terran 

Build Orders: Reaper Expand 

Get SALT Encoding   

  12  0:00  SCV  
  13  0:12  SCV  
  14  0:17  Supply Depot  
  14  0:24  SCV  
  15  0:30  Refinery  
  15  0:39  SCV  
  16  0:45  Barracks  
  16  0:51  SCV  
  17  1:03  SCV  
  18  1:15  SCV  
  19  1:32  Orbital Command, Reaper  
  20  1:44  Command Center  
  20  1:54  Factory  
  20  1:58  SCV  
  21  2:07  Barracks Reactor  
  21  2:10  Supply Depot  
  21  2:11  SCV  
  22  2:19  Refinery  
  22  2:23  SCV  
  23  2:35  SCV  
  24  2:44  Marine x2, Starport  
  24  2:47  SCV  
  27  2:51  Widow Mine  
  27  2:56  Orbital Command  
  29  2:59  SCV  
  29  3:02  Marine x2  
  32  3:11  SCV  
  33  3:20  Marine x2  
  33  3:21  Starport Tech Lab  
  33  3:22  Refinery  
  33  3:23  SCV  
  33  3:24  Widow Mine  
  37  3:27  SCV  
  38  3:35  SCV  
  38  3:39  SCV  
  38  3:40  Raven  
  42  3:42  Supply Depot  
  42  3:47  Marine x2, SCV  
  45  3:52  SCV  
  46  4:03  SCV  
  46  4:04  Command Center  
  46  4:09  Factory Tech Lab  
  47  4:11  SCV  
  47  4:15  SCV  
  49  4:17  Supply Depot  
  49  4:25  Liberator, SCV  
  49  4:28  Engineering Bay  
  49  4:29  Siege Tank  
  52  4:35  Supply Depot  
  52  4:36  SCV  
  52  4:37  SCV  
  54  4:41  Refinery  
  57  4:48  SCV  
  57  4:49  SCV  
  59  4:55  Marine x2  
  61  5:01  Siege Tank  
  61  5:03  SCV x2  
  66  5:08  Liberator  
  66  5:11  Missile Turret  
  66  5:15  SCV x2  
  66  5:17  Orbital Command  
  68  5:23  Marine  
  68  5:24  Marine  
  68  5:27  SCV x2  
  75  5:33  Siege Tank  
  78  5:39  SCV x2  
  80  5:46  Orbital Command  
  80  5:51  Bunker, SCV  
  80  5:52  SCV  
  80  5:54  Starport, Supply Depot  
  82  5:57  Starport  
  82  6:00  Fusion Core  
  82  6:03  SCV  
  82  6:04  SCV  
  80  6:06  Liberator  
  80  6:09  Supply Depot  
  80  6:10  Supply Depot  
  77  6:14  SCV  
  77  6:16  SCV  
  77  6:18  Marine x2  
  81  6:25  SCV, Refinery  
  85  6:27  Refinery  
  85  6:28  Missile Turret  
  85  6:31  SCV  
  86  6:35  Starport Tech Lab x2  
  86  6:39  Armory  
  86  6:40  SCV x2  
  88  6:48  Supply Depot  
  88  6:51  Supply Depot  
  88  6:52  SCV x3  
  91  7:04  SCV, Marine x2  
  91  7:06  Battlecruiser  
  91  7:07  Battlecruiser  
  106  7:14  SCV x2  
  111  7:15  Siege Tank  
  111  7:21  Command Center  
  111  7:28  Terran Infantry Weapons Level 1, Missile Turret x2  
  111  7:35  Barracks Tech Lab, Missile Turret  
  111  7:36  SCV x2  
  113  7:44  Barracks x2  
  113  7:47  Siege Tank, SCV, Missile Turret  
  113  7:48  SCV  
  118  7:56  SCV  
  119  7:59  SCV  
  119  8:00  Stimpack  
  119  8:03  Marine  
  119  8:04  Supply Depot  
  121  8:05  Barracks  
  121  8:08  SCV x2, Barracks  
  123  8:13  Missile Turret  
  123  8:18  Medivac  
  125  8:20  Supply Depot  
  125  8:21  Supply Depot  
  125  8:26  Siege Tank, SCV x3, Medivac  
  133  8:33  Marauder  
  135  8:35  Barracks  
  135  8:37  Barracks x2  
  135  8:38  SCV x2  
  135  8:40  Barracks Tech Lab x2  
  137  8:43  Missile Turret  
  137  8:46  Missile Turret x2  
  137  8:49  Missile Turret  
  137  8:52  Missile Turret  
  137  8:54  SCV x2  
  139  9:00  Planetary Fortress  
  139  9:03  Bunker  
  139  9:04  Bunker, Marine x3  
  139  9:05  Missile Turret  
  142  9:10  Siege Tank  
  145  9:25  SCV x2  
  147  9:35  Starport Reactor  
  147  9:38  Marine, Engineering Bay  
  147  9:39  Marauder x2, Marine x4  
  147  9:42  Siege Tank, Starport Reactor  
  157  9:47  Marine x2  
  151  9:54  SCV x2  
  151  9:55  SCV x2  
  151  9:56  Marine  
  151  9:57  Marauder  
  142  10:00  Combat Shields  
  142  10:01  Marauder x2  
  142  10:05  Marauder  
  142  10:06  SCV, Medivac  
  142  10:07  SCV  
  145  10:13  SCV x2  
  146  10:14  Siege Tank  
  146  10:15  Refinery, Viking x2  
  146  10:16  Refinery  
  146  10:18  SCV  
  146  10:19  SCV  
  146  10:21  Medivac x2  
  159  10:25  SCV x2  
  161  10:30  Barracks Tech Lab x2  
  161  10:31  SCV  
  161  10:33  Terran Infantry Weapons Level 2  
  161  10:35  Terran Infantry Armor Level 1  
  162  10:36  Medivac, Missile Turret  
  162  10:37  Missile Turret  
  162  10:39  Missile Turret  
  162  10:40  Missile Turret  
  164  10:52  Siege Tank, Marine x3, Viking x2  
  164  10:55  Marauder, Marine x3  
  179  11:01  Supply Depot x2  
  179  11:03  Marauder, Sensor Tower  
  179  11:07  Viking  
  179  11:08  Marauder  
  177  11:15  Marine x2  
  179  11:22  Viking x3  
  179  11:23  Marauder  
  187  11:26  Ghost Academy  
  187  11:35  Marine x4  
  187  11:36  Marauder x2, Marine  
  196  11:40  Supply Depot  
  196  11:47  Marine  
  196  11:50  Viking  
  196  11:57  Viking  
  181  12:02  Marauder, Marine x3  
  181  12:04  Marine x3  
  181  12:05  Marauder  
  181  12:06  Marine  
  171  12:11  Viking  
  168  12:19  Marine  
  168  12:20  Marauder, Marine  
  168  12:21  Viking  
  168  12:22  Marine x2  
  171  12:24  Viking  
  171  12:30  Siege Tank  
  174  12:38  Medivac x2  
  174  12:40  Ghost  
  180  12:55  Viking  
  182  13:00  Command Center  
  182  13:02  Marine, Viking x2  
  187  13:09  Viking  
  186  13:25  Terran Ship Weapons Level 1  
  184  13:30  Marine x4  
  184  13:31  Marauder x2  
  184  13:33  Viking  
  190  13:46  Ghost x2  
  194  13:52  Ghost  
  196  13:57  Marine x2  
  198  14:07  Marine x2  
  200  14:30  Starport x2  
  198  14:39  Marauder, Marine x2, Missile Turret  
  198  14:40  Marine  
  198  14:41  Marauder  
  198  14:44  Marine x3  
  178  14:46  Orbital Command  
Show
View Real Time Build Order
Export as new Build Order

Cloudy Protoss - Winner!

Build Orders: 1 Gate Expand, Oracle Opening, Phoenix Opening 

Get SALT Encoding   

  12  0:01  Probe (Chrono Boost)  
  13  0:12  Probe (Chrono Boost)  
  14  0:18  Pylon  
  14  0:23  Probe (Chrono Boost)  
  15  0:36  Probe (Chrono Boost)  
  15  0:37  Gateway  
  16  0:47  Probe (Chrono Boost)  
  17  0:50  Assimilator  
  17  0:58  Probe (Chrono Boost)  
  18  1:08  Probe (Chrono Boost)  
  19  1:23  Nexus  
  19  1:34  Cybernetics Core  
  19  1:36  Probe (Chrono Boost)  
  20  1:42  Assimilator  
  20  1:46  Probe (Chrono Boost)  
  21  1:56  Pylon  
  21  1:57  Probe (Chrono Boost)  
  22  2:07  Probe (Chrono Boost)  
  23  2:15  Adept (Chrono Boost)  
  25  2:19  Probe  
  25  2:21  Stargate  
  26  2:30  Warp Gate  
  26  2:31  Probe  
  26  2:34  Probe  
  27  2:42  Adept (Chrono Boost)  
  27  2:43  Probe  
  30  2:44  Probe  
  31  2:55  Probe x2  
  33  3:04  Oracle (Chrono Boost)  
  36  3:05  Probe  
  36  3:07  Probe  
  38  3:16  Probe  
  38  3:19  Probe  
  40  3:27  Probe  
  40  3:31  Pylon, Probe  
  40  3:34  Gateway  
  42  3:37  Probe  
  43  3:42  Phoenix (Chrono Boost)  
  43  3:43  Probe  
  43  3:48  Probe  
  47  3:59  Probe  
  47  4:01  Nexus  
  48  4:05  Pylon  
  48  4:07  Probe  
  51  4:11  Probe  
  51  4:14  Oracle (Chrono Boost)  
  53  4:18  Probe  
  53  4:23  Probe  
  55  4:29  Forge, Probe, Twilight Council  
  53  4:36  Probe  
  53  4:37  Assimilator  
  54  4:39  Assimilator  
  54  4:40  Probe  
  55  4:48  Probe, Oracle (Chrono Boost)  
  55  4:50  Probe  
  55  4:52  Gateway  
  60  5:00  Charge, Probe  
  60  5:06  Probe  
  62  5:09  Protoss Ground Armor Level 1 (Chrono Boost)  
  62  5:13  Probe x2  
  63  5:18  Probe  
  65  5:24  Pylon  
  65  5:25  Probe x2  
  67  5:30  Probe  
  68  5:37  Probe  
  68  5:40  Gateway  
  69  5:44  Pylon, Gateway x2, Robotics Facility  
  69  5:46  Gateway  
  69  5:48  Probe, Gateway  
  69  5:49  Probe x2, Sentry  
  74  5:50  Sentry  
  74  5:54  Pylon  
  78  6:09  Probe x2  
  78  6:10  Probe  
  81  6:12  Assimilator  
  81  6:13  Zealot x3  
  81  6:16  Assimilator  
  87  6:18  Mothership Core  
  87  6:20  Pylon  
  87  6:21  Probe  
  87  6:22  Probe  
  89  6:29  Blink  
  89  6:34  Probe x2  
  89  6:36  Pylon  
  89  6:38  Protoss Ground Weapons Level 1 (Chrono Boost)  
  91  6:40  Pylon x2  
  91  6:43  Warp Prism (Chrono Boost)  
  91  6:45  Nexus  
  93  6:54  Zealot x3, Templar Archives  
  93  6:55  Zealot x3  
  105  7:19  Fleet Beacon  
  105  7:23  Pylon, Stargate  
  105  7:26  Assimilator, Phoenix (Chrono Boost)  
  107  7:30  Assimilator, Stargate  
  107  7:32  Pylon  
  107  7:37  Warp Prism  
  107  7:39  Pylon x2  
  106  7:44  Zealot x4  
  106  7:50  Protoss Air Weapons Level 1  
  114  7:57  Probe  
  115  7:58  Probe x3  
  118  8:07  Photon Cannon, Tempest x2 (Chrono Boost)  
  118  8:10  Probe  
  137  8:18  Observer  
  138  8:25  Tempest (Chrono Boost)  
  144  8:34  Protoss Ground Weapons Level 2 (Chrono Boost)  
  144  8:43  Photon Cannon  
  144  8:45  Photon Cannon  
  144  8:47  Tempest  
  144  8:48  Zealot x4  
  144  8:51  Tempest  
  164  9:06  Stalker x4  
  170  9:15  Tempest  
  172  9:43  Zealot x4  
  180  9:45  Warp Prism  
  180  9:53  Tempest  
  178  10:01  Tempest  
  178  10:03  Tempest  
  178  10:06  Pylon  
  180  10:09  Photon Cannon  
  180  10:10  Psionic Storm  
  180  10:13  High Templar  
  174  10:14  High Templar  
  174  10:15  Pylon, Nexus  
  176  10:22  Pylon  
  176  10:26  High Templar x2  
  180  10:30  Tempest  
  180  10:36  High Templar x2  
  180  10:40  Cybernetics Core  
  190  10:43  Protoss Air Weapons Level 2  
  190  10:45  Warp Prism  
  190  10:46  Pylon  
  190  10:48  Zealot x4  
  190  11:03  Tempest  
  196  11:19  High Templar x2  
  198  11:29  Photon Cannon  
  198  11:31  Photon Cannon  
  197  11:35  Photon Cannon, High Templar  
  197  11:37  Photon Cannon  
  197  11:38  Oracle  
  197  11:39  Photon Cannon  
  199  11:43  Assimilator  
  200  11:47  Assimilator  
  200  11:49  Nexus  
  200  12:00  Archon x2  
  186  12:04  Zealot x7  
  164  12:16  Robotics Facility, Robotics Bay  
  164  12:25  High Templar x5  
  174  12:36  Protoss Ground Weapons Level 3 (Chrono Boost)  
  168  12:47  Gateway  
  168  12:48  Zealot x3, Gateway  
  174  12:54  Forge  
  168  13:15  Zealot x8  
  168  13:17  Probe x4  
  166  13:26  Colossus (Chrono Boost)  
  166  13:27  Colossus (Chrono Boost)  
  164  13:29  Probe  
  164  13:31  Extended Thermal Lance  
  175  13:34  High Templar x3  
  175  13:35  High Templar x2  
  175  13:37  Probe x3  
  185  13:56  High Templar x3  
  191  14:06  Gateway, Archon  
  191  14:07  Archon  
  191  14:08  Gateway  
  191  14:14  Warp Prism (Chrono Boost)  
  191  14:15  Colossus (Chrono Boost)  
  199  14:35  Assimilator  
  199  14:36  Pylon  
  199  14:38  Assimilator  
  199  14:40  Archon x2  
  184  14:45  Observer (Chrono Boost)  
  184  14:47  Stalker x7  
  198  15:00  High Templar  
  182  15:09  Zealot x2  
  182  15:10  Zealot x5  
  182  15:11  Zealot x2  
Tags
 
Add a new tag
Caveats
  • Supply blocks, unpowered buildings, or Contaminate may cause inaccurate times.
  • Supply counts are checked every 10 seconds.